 Dungeon Crawl Stone Soup version 0.31.0-10-gcf4a605ca0 (webtiles) character file.

Game seed: 7647596906273385629

108 jaboo the Cudgeller (level 4, 0/41 HPs)
             Began as a Hill Orc Monk on Jan 26, 2024.
             Slain by a gnoll
             ... wielding a +0 whip
              (2 damage)
             ... on level 3 of the Dungeon.
             The game lasted 00:07:24 (2549 turns).

jaboo the Cudgeller (Hill Orc Monk)                 Turns: 2549, Time: 00:07:24

Health: 0/41       AC: 12    Str: 15    XL:     4   Next: 87%
Magic:  4/4        EV:  4    Int: 10    God:
Gold:   131        SH:  0    Dex: 13    Spells: 3/3 levels left

rFire   . . .        a - +0 mace
rCold   . . .        d - orb {light}
rNeg    . . .        o - +0 plate armour
rPois   .            (no helmet)
rElec   .            (no cloak)
rCorr   .            t - +0 pair of gloves
SInv    .            i - +0 pair of boots
Will    .....        (no amulet) Stlth
                     (no ring)
HPRegen 0.26/turn    (no ring)
MPRegen 0.09/turn

%: no passive effects
@: glowing
A: no striking features
a: no special abilities


You were on level 3 of the Dungeon.
You visited 1 branch of the dungeon, and saw 3 of its levels.

You collected 131 gold pieces.


   Skills:
 + Level 4.8 Fighting
 * Level 5.2 Maces & Flails
 - Level 2.4 Dodging


You had 3 spell levels left.
You didn't know any spells.
Your spell library was empty.

Inventory:

Hand Weapons
 a - a +0 mace (weapon)
Missiles
 g - 24 stones
Armour
 d - an orb of light (worn)
 i - a +0 pair of boots (worn)
 o - a +0 plate armour (worn)
 r - a +0 buckler
 t - a +0 pair of gloves (worn)
Magical Staves
 h - a staff of alchemy {!a}
 p - a staff of conjuration {!a}
Wands
 v - a wand of flame (14) (quivered)
Scrolls
 b - a scroll of noise {unknown}
 e - 2 scrolls of enchant weapon {unknown}
 f - 2 scrolls of vulnerability {unknown}
 k - a scroll of identify {unknown}
 m - 2 scrolls of teleportation {unknown}
 n - a scroll of enchant armour {unknown}
 s - a scroll of fog {unknown}
Potions
 c - a potion of ambrosia
 j - 6 potions of curing {unknown}
 l - a potion of brilliance {unknown}
 q - 2 potions of heal wounds {unknown}
 u - a potion of haste {unknown}

Dungeon Overview and Level Annotations

Branches:
Dungeon (3/15)

Altars:
Nemelex Xobeh
Yredelemnul
The Shining One

Shops:
D:3

[ ........#..### # #
.....#...#..### #
##.###..#...#...#..####
##..#..#...#...#...#..##
#....#...#...#...#...#..
#..#...#...#...#...#...#
#....#...#...#...#...#..
#.)g#...#...#...#...#
#....#g@.#...#...#...#..
#..#...#g!.#...#...#...#
#....#...#...#...#...#..
#..#...#...#...#...#...#
##...#...#...#...#...#..
.#...#...#...#...#...#
..#...#...#...#...#..
.#...#...#...# ..#...#
.# .. .. #. #...#..


You could see 3 gnolls.


Message History

The gnoll hits you but does no damage. The gnoll completely misses you.
The gnoll hits you with a +0 halberd!
* * * LOW HITPOINT WARNING * * *
You hit the gnoll.
The gnoll is severely wounded.
The gnoll hits you with a +0 whip.
* * * LOW HITPOINT WARNING * * *
The gnoll barely misses you. x2
You hit the gnoll.
The gnoll is severely wounded.
The gnoll hits you but does no damage. x2; The gnoll completely misses you.
You hit the gnoll.
The gnoll is almost dead.
The gnoll hits you with a +0 whip.
* * * LOW HITPOINT WARNING * * *
The gnoll hits you with a +0 halberd.
* * * LOW HITPOINT WARNING * * *
The gnoll hits you but does no damage.
You barely miss the gnoll.
The gnoll is almost dead.
The gnoll hits you with a +0 whip.
* * * LOW HITPOINT WARNING * * *
The gnoll hits you with a +0 halberd.
* * * LOW HITPOINT WARNING * * *
The gnoll hits you but does no damage. The gnoll hits you with a +0 spear.
* * * LOW HITPOINT WARNING * * *
The gnoll hits you with a +0 halberd.
* * * LOW HITPOINT WARNING * * *
The gnoll hits you with a +0 whip.
You die...

Skill      XL: |  1  2  3  4 |
---------------+-------------+-----
Fighting       | 4 |  4.8
Maces & Flails | 4 5 |  5.2
Dodging        | |  2.4

Action                     |  1- 3 |  4- 6 || total
---------------------------+-------+-------++-------
  Melee: Mace              |   100 |    61 ||   161
  Evoke: Wand              |       |     5 ||     5
 Armour: Robe              |    14 |       ||    14
         Plate armour      |    83 |    69 ||   152
  Dodge: Dodged            |    41 |    17 ||    58

Levels and vault maps discovered:
D:1:      onia_arrival_zoo_common, layout_rooms,
          shapermc_ecumenical_altar_mp_vishouse
D:2:      layout_loops_ring, serial_bayou, serial_bayou_lagoon_b,
          serial_bayou_crossing, serial_bayou_shore_a, serial_bayou_pond_b,
          serial_bayou_lake_a, serial_bayou_shore_b, minmay_misc_feat_plants,
          minmay_misc_feat_chi
D:3:      layout_basic, chequers_temple_overflow_statue_of_worship,
          serial_shops, shop, hex_large

Notes
Turn   | Place    | Note
-------+----------+-------------------------------------------
     0 | D:1      | jaboo the Hill Orc Monk began the quest for the Orb.
     0 | D:1      | Reached XP level 1. HP: 19/19 MP: 1/1
     6 | D:1      | Noticed a mana viper
     6 | D:1      | Noticed a black bear
     6 | D:1      | Noticed a hound
     7 | D:1      | Noticed an iguana
     7 | D:1      | Noticed a six-headed hydra
   160 | D:1      | Reached XP level 2. HP: 27/27 MP: 2/2
   301 | D:1      | Reached skill level 4 in Fighting
   369 | D:1      | Reached skill level 4 in Maces & Flails
   520 | D:1      | Found a faded altar of an unknown god.
   676 | D:2      | Reached XP level 3. HP: 29/33 MP: 3/3
  1634 | D:2      | Reached XP level 4. HP: 40/41 MP: 4/4
  2169 | D:3      | Found Keritt's Antique Armour Shop.
  2218 | D:3      | Found a sparkling altar of Nemelex Xobeh.
  2221 | D:3      | Found a glowing golden altar of the Shining One.
  2221 | D:3      | Found a basalt altar of Yredelemnul.
  2234 | D:3      | Reached skill level 5 in Maces & Flails
  2549 | D:3      | HP: 3/41 [gnoll/+0 spear (4)]
  2549 | D:3      | Slain by a gnoll

Vanquished Creatures
  3 adders
  A gnoll (D:3)
  A ribbon worm (D:2)
  6 orcs (D:3)
  8 ball pythons
  8 endoplasms
  2 giant cockroaches
  7 hobgoblins
  3 jackals (D:2)
  5 kobolds
  A quokka (D:2)
  5 bats
  4 frilled lizards
  4 goblins
  3 rats
61 creatures vanquished.

Table legend: (Time is in decaauts)
 A = Elapsed time spent in this place.
 B = Non-inter-level travel time spent in this place.
 C = Inter-level travel time spent in this place.
 D = Time resting spent in this place.
 E = Time spent auto-exploring this place.
 F = Levels seen in this place.
 G = Mean time per level.
                   A        B        C        D        E       F      G
               +--------+--------+--------+--------+--------+-----+--------+
         Total |   2663 |   2613 |     50 |    518 |   1600 |   3 |  887.7 |
       Dungeon |   2663 |   2613 |     50 |    518 |   1600 |   3 |  887.7 |
               +--------+--------+--------+--------+--------+-----+--------+

Top non-repeatable levels by time:
     D:2: 1572 daAuts
     D:1: 625 daAuts
     D:3: 465 daAuts

Table legend:
 A = Non-vault XP
 B = Vault XP
 C = Vault XP percentage of total XP
 D = Non-vault monster count
 E = Vault monster count
 F = Vault count percentage of total count
                 A         B        C        D         E       F
            +---------+---------+-------+---------+---------+-------
      Total |     151 |       4 |   2.6 |      58 |       3 |   4.9
            +---------+---------+-------+---------+---------+-------
        D:1 |      29 |       0 |   0.0 |      18 |       0 |   0.0
        D:2 |      67 |       4 |   5.6 |      25 |       3 |  10.7
        D:3 |      55 |       0 |   0.0 |      15 |       0 |   0.0
            +---------+---------+-------+---------+---------+-------
